AoeStats
← HonorBitch

MegaRandom

508271445Analyzed
2v2 RM · 11d ago on Sep 21, 2026· 40m 45s· 4 players
Game mode
Random Map
Map size
Medium (4 player)
Population
200
Speed
Normal
Resources
Standard
Victory
Conquest
Starting age
Dark Age
Ending age
Imperial Age
RankedLock teamsTeams togetherTeam positionsShared explorationLock speedFull tech treeHidden civsTurbo modeCheats
Victory
Defeat
🇺🇾 Romans · Uruguay
975
+11
🇪🇸 Huns · Spain
706
+22
🇬🇧 Franks · United Kingdom
910
-19
🇬🇧 Teutons · United Kingdom
796
-14
HonorBitch
8:11 Loom
8:20 Loom
11:15 Feudal Age
13:06 Wheelbarrow
13:00 Double-Bit Axe
17:45 Arson
17:21 Man-at-Arms
23:40 Scale Mail Armor
23:55 Forging
23:45 Scale Mail Armor
27:02 Castle Age
28:20 Hand Cart
28:49 Bow Saw
32:04 Padded Archer Armor
31:55 Fletching
32:13 Scale Barding Armor
31:32 Long Swordsman
38:44 Thumb Ring
40:03 Leather Archer Armor
39:44 Bodkin Arrow
VitoPedroPiranha
0:28 Loom
11:39 Feudal Age
12:41 Double-Bit Axe
23:13 Castle Age
21:10 Gold Mining
21:34 Scale Mail Armor
21:01 Man-at-Arms
22:13 Forging
22:16 Horse Collar
23:58 Squires
24:08 Long Swordsman
26:21 Chain Mail Armor
30:03 Wheelbarrow
32:25 Iron Casting
38:28 Bloodlines
38:19 Husbandry
39:23 Scale Barding Armor
Bad Boy Bidwa
11:45 Feudal Age
11:56 Loom
12:26 Double-Bit Axe
19:17 Castle Age
18:32 Forging
19:10 Scale Barding Armor
24:00 Bow Saw
24:54 Wheelbarrow
24:16 Stone Mining
28:24 Husbandry
30:25 Fletching
31:12 Iron Casting
34:50 Imperial Age
35:28 Fletching
38:11 Hand Cart
38:23 Elite Skirmisher
HELLBLAZER
7:11 Loom
11:46 Feudal Age
12:54 Double-Bit Axe
13:54 Wheelbarrow
13:30 Gold Mining
16:05 Horse Collar
19:20 Forging
22:50 Stone Mining
27:19 Castle Age
28:48 Bow Saw
28:02 Pikeman
28:31 Gambesons
28:47 Squires
29:28 Iron Casting
28:44 Fletching
28:55 Scale Mail Armor
30:59 Bodkin Arrow
32:06 Masonry
32:38 Ballistics
Connection lost

Rejoining the realm…

Still unreachable

The connection could not be restored.

Session expired

The server has moved on; the page needs a fresh start.